Cogmind - Beta 12 @@@ ROGUE MODE // 2023.03.15 @ 03:29:37 Player: dhtilly Result: Destroyed by Enhanced Grunt with Neutron Cannon Performance ------------- Evolutions (4) 2000 Regions Visited (13) 2600 Robots Destroyed (248) 1240 Value Destroyed (8499) 8499 Prototype IDs (50) 1000 Alien Tech Used (0) 0 Bonus (2061) 2061 TOTAL SCORE: 17400 Bonus ------- High Alert Combat Kills 1247 Follower Combat Kills 253 Aligned with FarCom 300 Met Data Miner 300 Friendly Fire -39 Cogmind --------- Core Integrity 0/850 Matter 85/300 Energy 100/100 System Corruption 7% Temperature Cool (0) Movement Core (1500) Ox29 Location -6/Data Miner Parts ------- > --- POWER (1) -------- (None) > --- PROPULSION (4) --- (None) > --- UTILITY (7) ------ Huge Storage Unit Improved Terrain Scan Processor Targeting Computer Improved Target Analyzer > --- WEAPON (3) ------- Heavy Flak Cannon > --- INVENTORY (25) --- Fusion Compressor Advanced Heat Sink Large Storage Unit Energy Well (350) Weapon Cycler Advanced ECM Suite Phase Shifter Insulated Plating EM Disruption Field Hacking Suite Makeshift System Shield Improved EM Pulse Cannon Advanced EMP Blaster Heavy Rocket Launcher Remote Datajack Enhanced Flamer Molecular Deconstructor Power Sword Dirty Bomb Trap Fire Trap Peak State ------------ > --- POWER ------------ Angular Momentum Engine > --- PROPULSION ------- Armored Treads Medium Treads Compact Wheel Compact Wheel > --- UTILITY ---------- Improved Cooling System Huge Storage Unit Improved Terrain Scan Processor Targeting Computer Improved Target Analyzer Improved Light Armor Plating Improved Medium Armor Plating > --- WEAPON ----------- Riot Gun Molecular Deconstructor > --- INVENTORY -------- Fusion Compressor Improved Medium Treads Advanced Heat Sink Large Storage Unit Energy Well Weapon Cycler Advanced ECM Suite Phase Shifter Improved Heavy Armor Plating Insulated Plating EM Disruption Field Hacking Suite Makeshift System Shield Coil Gun Heavy Flak Cannon Advanced EMP Blaster Heavy Rocket Launcher Remote Datajack Enhanced Flamer Power Sword Dirty Bomb Trap Fire Trap [Rating: 65] Favorites ----------- Power Improved Deuterium Engine Engine Improved Deuterium Engine Power Core Nuclear Core Reactor Cold Fusion Reactor Propulsion Wheel Treads Light Treads Leg Aluminum Leg Wheel Wheel Hover Unit Cooled Airjet Flight Unit Biomechanical Wings Utility Targeting Computer Device Cooling System Storage Large Storage Unit Processor Targeting Computer Hackware Hacking Suite Protection Hardened Light Armor Plating Weapon Shock Rifle Energy Gun Shock Rifle Energy Cannon Improved EM Pulse Cannon Ballistic Gun Heavy Assault Rifle Ballistic Cannon Improved Light Cannon Launcher Grenade Launcher Special Weapon Molecular Deconstructor Slashing Weapon Axe Build | -11 -10 -10 -9 -9 -9 -8 -8 -8 -8 -6 -6 -6 -6 ------- Run | Jun Mat Min Mat Min Exi Min Mat Sto Rec Fac Low Low Dat Slots Evolved 8 | . . . 2 . . . 2 . . 4 . . . Power . | . . . . . . . . . . . . . . Propulsion 2 | . . . . . . . . . . 2 . . . Utility 5 | . . . 1 . . . 2 . . 2 . . . Weapon 1 | . . . 1 . . . . . . . . . . Parts Attached 253 | 6 14 5 34 3 . 11 50 28 5 60 22 5 10 Power 20 | 1 1 . 5 . . . 5 2 . 5 . 1 . Engine 13 | 1 1 . 5 . . . 4 . . 1 . 1 . Core 5 | . . . . . . . 1 2 . 2 . . . Reactor 2 | . . . . . . . . . . 2 . . . Propulsion 45 | 2 2 . 9 . . 1 11 4 1 10 2 2 1 Treads 16 | . . . 5 . . . 4 1 . 1 2 2 1 Leg 2 | . . . . . . . 2 . . . . . . Wheel 24 | 2 2 . 4 . . 1 4 3 1 7 . . . Hover 2 | . . . . . . . 1 . . 1 . . . Flight 1 | . . . . . . . . . . 1 . . . Utility 48 | 1 3 . 5 . . 3 8 2 2 18 5 . 1 Device 10 | . 1 . 1 . . 1 2 1 . 3 1 . . Storage 8 | 1 2 . . . . . . . 1 3 1 . . Processor 6 | . . . 1 . . 1 2 . . 1 1 . . Hackware 2 | . . . . . . . 1 . . 1 . . . Protection 22 | . . . 3 . . 1 3 1 1 10 2 . 1 Artifact . | . . . . . . . . . . . . . . Weapon 140 | 2 8 5 15 3 . 7 26 20 2 27 15 2 8 Energy Gun 62 | 2 5 4 9 . . . 13 13 1 10 4 1 . Energy Cannon 11 | . . . 1 . . 1 . . . 6 2 . 1 Ballistic Gun 18 | . . . 3 2 . 3 4 . . 2 3 . 1 Ballistic Cannon 6 | . . . 2 . . . 2 . . . 1 . 1 Launcher 26 | . 3 1 . 1 . 3 6 3 . 6 1 1 1 Special Weapon 5 | . . . . . . . . . . . 2 . 3 Impact Weapon . | . . . . . . . . . . . . . . Slashing Weapon 12 | . . . . . . . 1 4 1 3 2 . 1 Piercing Weapon . | . . . . . . . . . . . . . . Special Melee Weapon . | . . . . . . . . . . . . . . Unidentified Prototypes 15 | . . . 3 . . . 5 2 . 4 1 . . Parts Lost 69 | . 1 3 9 1 . 3 9 4 1 24 1 . 13 Power 8 | . . . 1 . . 1 3 1 . 1 . . 1 Propulsion 21 | . 1 . 4 . . 1 3 1 . 6 . . 5 Utility 18 | . . . . . . 1 2 . 1 9 1 . 4 Weapon 22 | . . 3 4 1 . . 1 2 . 8 . . 3 Highest Loss Streak 13 | . 1 3 2 1 . 2 4 3 1 6 1 . 13 To Critical Strikes 1 | . . . . . . . 1 . . . . . . Average Slot Usage (%) 94 | . 90 100 98 99 100 96 87 97 100 86 99 100 82 Engine 6 | . 14 14 11 11 11 9 6 . . 1 6 6 6 Core 1 | . . . . . . . . 8 9 . . . . Treads 7 | . . . 11 11 11 11 6 7 9 4 6 13 11 Wheel 10 | . 27 28 10 11 11 10 5 9 9 9 13 13 8 Device 7 | . 5 14 11 11 11 4 5 11 9 5 6 6 3 Storage 9 | . 14 14 11 11 11 11 9 9 9 8 11 6 6 Processor 10 | . . . 5 . . . 14 11 9 10 14 20 20 Hackware 1 | . . . . . . . 3 5 . . . . . Protection 11 | . . . 5 11 11 16 13 6 17 18 12 13 10 Energy Gun 14 | . 27 24 22 . . . 8 25 26 14 7 6 3 Energy Cannon 2 | . . . . . . 6 . . . 2 4 13 7 Ballistic Gun 4 | . . . 3 20 22 13 8 . . 1 4 . . Ballistic Cannon 1 | . . . 6 11 11 3 2 . . . . . . Naked Turns . | . . . . . . . . . . . . . . Heaviest Build 123 | 14 32 32 44 43 43 50 52 45 47 119 123 122 122 Greatest Support 78 | 26 26 26 40 10 10 23 23 22 12 32 32 48 78 Greatest Overweight (x) 19 | . 3 1 4 4 4 4 13 4 4 19 3 3 7 Average Overweight (x) 3 | . . 1 2 4 4 3 3 3 3 3 2 2 3 Largest Inventory Capacity 25 | 8 15 15 15 15 15 15 15 15 15 25 25 25 25 Average Capacity 17 | 7 12 15 15 15 15 15 15 15 15 18 24 25 25 Most Carried 25 | 4 15 15 15 15 15 15 15 15 15 18 25 25 25 Average Carried 16 | 1 11 13 13 14 14 14 14 14 14 14 21 24 23 Final Capacity 25 | 8 15 15 15 15 15 15 15 15 15 15 25 25 25 Final Carried 25 | 4 15 12 15 15 15 15 14 14 15 14 25 25 21 Class Distribution -------------------- 31% | Tank 19% | Skirmisher 16% | Scavenger-Mutant 16% | Mutant 6% | Scavenger-Tank 5% | Scavenger-Gunner 4% | Scavenger-Skirmisher Dominant Class ---------------- Mutant | -10/Materials Mutant | -10/Mines Tank | -9/Materials Tank | -9/Mines Tank | -9/Exiles Mutant | -8/Mines Tank | -8/Materials Skirmisher | -8/Storage Tank | -8/Recycling Tank | -6/Factory Scavenger-Mutant | -6/Lower Caves Scavenger-Mutant | -6/Lower Caves Scavenger-Mutant | -6/Data Miner Resources | -11 -10 -10 -9 -9 -9 -8 -8 -8 -8 -6 -6 -6 -6 ----------- Run | Jun Mat Min Mat Min Exi Min Mat Sto Rec Fac Low Low Dat Matter Collected 4001 | 192 176 112 564 122 . 235 790 365 55 810 463 117 . Remotely . | . . . . . . . . . . . . . . Salvage Created 9630 | . 327 41 1728 133 . 294 2162 1586 268 2155 518 334 84 Parts 515 | . 27 1 112 11 . 17 126 75 16 83 29 18 . Haulers Intercepted 15 | . 1 . 6 . . . 3 4 . 1 . . . Recyclers Shooed 6 | . . . 1 . . . 2 . . 3 . . . Parts Field Recycled . | . . . . . . . . . . . . . . Retrieved Matter . | . . . . . . . . . . . . . . Parts Self-Destructed 31 | . . . . . . . . . . . 21 10 . Prevented 14 | . . . . . . . . . . . 8 6 . Kills | -11 -10 -10 -9 -9 -9 -8 -8 -8 -8 -6 -6 -6 -6 ------- Run | Jun Mat Min Mat Min Exi Min Mat Sto Rec Fac Low Low Dat Combat Hostiles Destroyed 190 | . 10 1 35 7 . 10 42 27 3 38 8 6 3 Melee 1 | . . . . . . . . . . 1 . . . Guns 95 | . 4 1 23 2 . 2 29 19 2 9 4 . . Cannons 24 | . . . 8 1 . 3 1 . . 5 3 2 1 AOE 57 | . 5 . 3 4 . 5 11 7 1 15 . 4 2 Classes Destroyed 19 | . 5 1 6 . . 1 2 . . 1 3 . . Worker 13 | . 2 . 2 . . . 8 1 . . . . . Builder 8 | . 4 . 1 . . . 2 1 . . . . . Tunneler 2 | . . . . . . . 2 . . . . . . Hauler 15 | . 1 . 6 . . . 3 4 . 1 . . . Recycler 6 | . . . . . . . 4 1 . 1 . . . Minesweeper 2 | . . . . . . . . . . . 1 1 . Mechanic 2 | . . . 1 . . . . . . 1 . . . Operator 3 | . . . 1 . . . 1 1 . . . . . Watcher 7 | . . . 1 . . . 4 . . 2 . . . Swarmer 44 | . 6 . 8 4 . 3 12 4 . 7 . . . Grunt 90 | . 4 . 18 3 . 5 21 13 . 19 1 6 . Brawler 3 | . . . 1 . . . 1 . . 1 . . . Duelist 6 | . . . 1 . . 1 1 1 . 1 1 . . Sentry 31 | . . . 7 . . . 6 9 3 5 1 . . Demolisher 1 | . . 1 . . . . . . . . . . . Specialist 2 | . . . . . . . . . . . 2 . . Hunter 5 | . . . . . . 1 1 . . 2 1 . . Programmer 3 | . . . . . . . . . . 3 . . . Enhanced Grunt 3 | . . . . . . . . . . . . . 3 Wasp 1 | . . . . . . . . . . . 1 . . Mutant 1 | . . . . . . . . . . . 1 . . Best Kill Streak 19 | . 8 1 5 4 . 3 19 5 1 8 2 3 2 Combat Bots Only 12 | . 3 1 4 4 . 3 12 5 1 7 2 3 2 Max Kills in Single Turn 4 | . 3 1 2 2 . 2 4 2 1 4 1 2 1 Gunslinging 1 | . . . 1 . . . . . . . . . . Exploded 3 | . 2 . 1 2 . 2 3 2 1 3 . 2 1 Melee 1 | . . . . . . . . . . 1 . . . Uniques/NPCs Destroyed . | . . . . . . . . . . . . . . Combat | -11 -10 -10 -9 -9 -9 -8 -8 -8 -8 -6 -6 -6 -6 -------- Run | Jun Mat Min Mat Min Exi Min Mat Sto Rec Fac Low Low Dat Damage Taken 10935 | . 261 395 1443 216 . 481 1473 767 100 2837 160 119 2683 Core 1726 | . 98 141 253 25 . 75 167 88 . 325 . 21 533 Absorbed by Shields 142 | . . . . . . . 142 . . . . . . Redirected to Shielding 82 | . . . 29 . . . 53 . . . . . . Regen/Repaired (Parts) 291 | . 27 . 127 . . . 132 5 . . . . . Core Remaining (%) 42 | 100 . 4 . . . 11 . . 53 . . . . Volleys Fired 442 | . 22 4 74 8 . 21 98 61 6 84 33 8 23 Largest 3 | . 2 2 3 3 . 3 3 3 3 3 3 3 1 Hottest 188 | . 80 90 135 85 . 85 128 172 150 174 188 188 53 Shots Fired 1018 | . 39 7 201 20 . 37 252 152 18 173 74 21 24 Gun 784 | . 34 7 155 12 . 12 226 142 18 129 41 5 3 Cannon 148 | . . . 46 6 . 16 11 . . 26 19 13 11 Launcher 69 | . 5 . . 2 . 9 15 10 . 18 2 3 5 Special 17 | . . . . . . . . . . . 12 . 5 Kinetic 301 | . . . 75 18 . 18 145 . . 14 18 . 13 Thermal 163 | . . . . . . 10 89 20 . 37 7 . . Explosive 57 | . 5 . . 2 . 9 15 10 . 7 1 3 5 Electromagnetic 480 | . 34 7 126 . . . 3 122 18 115 36 18 1 Robot Hit Streak 29 | . 7 8 10 6 . 6 29 18 9 13 18 5 5 Robot Miss Streak 6 | . 4 2 6 2 . 3 2 3 1 3 6 2 3 Penetration Max . | . . . . . . . . . . . . . . Secondary Targets 5 | . . . 2 . . . . 2 . 1 . . . Max Gunslinging Chain 1 | . . . 1 . . . . 1 . 1 . . . Autonomous 88 | . . . . . . . 88 . . . . . . Shots Hit Robots 711 | . 20 5 139 11 . 18 184 111 13 129 47 15 19 Core Hits 470 | . 19 3 84 8 . 27 94 61 7 104 28 15 20 Critical Kills 1 | . . . . . . . . . . . 1 . . Critical Parts Destroyed 1 | . . . 1 . . . . . . . . . . Critical Strikes 20 | . . . 2 . . . 7 3 . 6 2 . . Burn 12 | . . . . . . . 6 1 . 4 1 . . Destroy 2 | . . . 1 . . . . . . . 1 . . Blast 2 | . . . 1 . . . 1 . . . . . . Corrupt 4 | . . . . . . . . 2 . 2 . . . Melee Attacks 26 | . . . . . . . 1 14 8 1 2 . . Impact . | . . . . . . . . . . . . . . Slashing 26 | . . . . . . . 1 14 8 1 2 . . Piercing . | . . . . . . . . . . . . . . Sneak Attacks . | . . . . . . . . . . . . . . Combat Hostiles . | . . . . . . . . . . . . . . Follow-up Attacks . | . . . . . . . . . . . . . . Damage Inflicted 20738 | . 867 101 2617 408 . 701 5725 2474 279 5063 732 957 814 Guns 10700 | . 268 64 1601 144 . 142 4086 1863 217 1831 414 24 46 Cannons 2066 | . . . 500 39 . 169 82 . . 536 272 220 248 Explosions 7918 | . 599 37 516 225 . 390 1557 611 62 2642 46 713 520 Melee 32 | . . . . . . . . . . 32 . . . Ramming 22 | . . . . . . . . . . 22 . . . Kinetic 4742 | . . . 780 183 . 189 2760 . . 261 275 . 294 Thermal 4416 | . 44 37 317 . . 122 1420 468 62 1604 80 262 . Explosive 5145 | . 555 . 199 225 . 390 1477 399 . 910 19 451 520 Electromagnetic 6381 | . 268 64 1321 . . . 68 1607 217 2234 358 244 . Impact . | . . . . . . . . . . . . . . Slashing 32 | . . . . . . . . . . 32 . . . Piercing . | . . . . . . . . . . . . . . Highest Corruption 7 | . . . . . . . . . . 7 7 7 7 Average Corruption 6 | . . . . . . . . . . 5 7 7 7 Corruption Purged . | . . . . . . . . . . . . . . Corruption Blocked . | . . . . . . . . . . . . . . Effects 119 | . . . . . . . . . . 32 58 21 8 Message Errors 26 | . . . . . . . . . . 4 18 3 1 Matter Fused 26 | . . . . . . . . . . 11 11 4 . Heat Flow Errors 9 | . . . . . . . . . . 1 6 1 1 Energy Discharges 18 | . . . . . . . . . . 5 6 4 3 Parts Rejected 3 | . . . . . . . . . . 2 . . 1 Parts Fused 1 | . . . . . . . . . . . 1 . . Data Loss (minor) 13 | . . . . . . . . . . 4 6 2 1 Data Loss (major) 6 | . . . . . . . . . . 2 1 3 . Misfires 12 | . . . . . . . . . . 2 6 3 1 Alerts 2 | . . . . . . . . . . . 1 1 . Weapon Failures 3 | . . . . . . . . . . 1 2 . . Overload Shots . | . . . . . . . . . . . . . . Overflow Damage 355 | . 49 20 42 2 . . 58 32 6 136 . 10 . Projectiles 13 | . . . 13 . . . . . . . . . . Explosions 342 | . 49 20 29 2 . . 58 32 6 136 . 10 . Melee . | . . . . . . . . . . . . . . Knockbacks 11 | . . . 5 1 . 1 1 . . . . . 3 Impact . | . . . . . . . . . . . . . . Kinetic 11 | . . . 5 1 . 1 1 . . . . . 3 Secondary . | . . . . . . . . . . . . . . Self-Inflicted Damage 1313 | . 39 . 359 35 . . 215 102 25 538 . . . Shots 28 | . 2 . 8 2 . . 2 3 1 10 . . . Rammed 1 | . . . . . . . . . . 1 . . . Targets Rammed 1 | . . . . . . . . . . 1 . . . Kicked . | . . . . . . . . . . . . . . Crushed . | . . . . . . . . . . . . . . Highest Temperature 381 | . 120 50 316 199 . 309 381 112 84 323 185 148 125 Average Temperature 77 | . 43 23 90 92 . 116 87 37 38 82 54 40 73 Received Heat Transfer 2236 | . 75 . 315 81 . 225 416 279 18 726 47 54 . Effects 8 | . . . 4 . . 1 . . . 3 . . . Energy Bleed 1 | . . . . . . 1 . . . . . . . Interference 7 | . . . 4 . . . . . . 3 . . . Siege Activations . | . . . . . . . . . . . . . . Robots Corrupted 12 | . 1 . 2 . . . . 1 . 7 1 . . Combat Hostiles 11 | . 1 . 1 . . . . 1 . 7 1 . . Parts Fried 36 | . 2 . 8 . . . . 14 . 11 1 . . Impact Corruptions . | . . . . . . . . . . . . . . Robots Melted 3 | . . . . . . . 2 . . 1 . . . Combat Hostiles 2 | . . . . . . . 1 . . 1 . . . Parts Melted 7 | . . . . . . . 5 1 . 1 . . . Heat Transferred 7389 | . 50 50 400 . . 222 3232 792 100 2171 222 150 . Parts Sabotaged . | . . . . . . . . . . . . . . Parts Stolen . | . . . . . . . . . . . . . . Parts Stripped . | . . . . . . . . . . . . . . Power Chain Reactions 21 | . 1 1 6 . . . . 3 1 7 . 2 . Missiles Intercepted . | . . . . . . . . . . . . . . Alert | -11 -10 -10 -9 -9 -9 -8 -8 -8 -8 -6 -6 -6 -6 ------- Run | Jun Mat Min Mat Min Exi Min Mat Sto Rec Fac Low Low Dat Peak Influence 1320 | . 462 64 409 316 . 277 1189 1320 550 1027 . . . Initial 514 | . . 64 20 140 . . 33 482 514 109 . . . Average 411 | . 245 57 222 287 . 102 454 846 417 436 . . . Maximum Alert Level 4 | . 2 . 2 1 . 1 4 4 2 3 . . . Low Security (%) 31 | 100 29 100 42 2 . 92 36 . . 33 . . . Level 1 32 | . 58 . 56 97 . 7 26 . 59 15 . . . Level 2 16 | . 11 . . . . . 4 32 40 30 . . . Level 3 14 | . . . . . . . 21 43 . 20 . . . Level 4 5 | . . . . . . . 10 24 . . . . . Level 5 . | . . . . . . . . . . . . . . High Security . | . . . . . . . . . . . . . . Max Security . | . . . . . . . . . . . . . . Squads Dispatched 31 | . 1 . 4 . . . 8 6 . 12 . . . Investigation 13 | . . . 2 . . . 5 3 . 3 . . . Extermination 3 | . . . . . . . . . . 3 . . . Reinforcement 11 | . 1 . 2 . . . 2 2 . 4 . . . Assault 3 | . . . . . . . 1 . . 2 . . . Garrison 1 | . . . . . . . . 1 . . . . . Intercept . | . . . . . . . . . . . . . . Searches Triggered . | . . . . . . . . . . . . . . Construction Impeded 4 | . . . . . . . 1 . . 3 . . . Haulers Reinforced . | . . . . . . . . . . . . . . Active Scanning Responses . | . . . . . . . . . . . . . . Cargo Convoy Interrupts . | . . . . . . . . . . . . . . Stealth | -11 -10 -10 -9 -9 -9 -8 -8 -8 -8 -6 -6 -6 -6 --------- Run | Jun Mat Min Mat Min Exi Min Mat Sto Rec Fac Low Low Dat Distress Signals 12 | . 1 . 5 . . . 2 3 . 1 . . . Communications Jammed . | . . . . . . . . . . . . . . Distress Signals . | . . . . . . . . . . . . . . Times Spotted 253 | . 19 1 45 7 . 10 51 31 3 58 16 7 5 Peak Tracking Total 7 | . 5 1 6 4 . 3 7 4 1 7 4 4 4 Tactical Retreats 11 | . . . 2 . . . 1 1 . 6 1 . . Traps | -11 -10 -10 -9 -9 -9 -8 -8 -8 -8 -6 -6 -6 -6 ------- Run | Jun Mat Min Mat Min Exi Min Mat Sto Rec Fac Low Low Dat Traps Triggered 3 | . . . 1 . . . 1 . . 1 . . . Indirectly . | . . . . . . . . . . . . . . Trap Hack Attempts . | . . . . . . . . . . . . . . Triggered . | . . . . . . . . . . . . . . Disarmed . | . . . . . . . . . . . . . . Reprogrammed . | . . . . . . . . . . . . . . Reused . | . . . . . . . . . . . . . . Traps Extracted . | . . . . . . . . . . . . . . Installed . | . . . . . . . . . . . . . . Triggered . | . . . . . . . . . . . . . . Most Traps Carried 3 | . . . . . . . . . . . 3 2 2 Machines | -11 -10 -10 -9 -9 -9 -8 -8 -8 -8 -6 -6 -6 -6 ---------- Run | Jun Mat Min Mat Min Exi Min Mat Sto Rec Fac Low Low Dat Machines Disabled 41 | . 5 . 4 . . 1 9 4 . 15 2 . 1 Max in Single Turn 4 | . 2 . 2 . . 1 2 1 . 4 1 . 1 Garrison Access 2 | . . . . . . . 1 1 . . . . . Machines Repaired . | . . . . . . . . . . . . . . Machines Sabotaged . | . . . . . . . . . . . . . . Overloaded Fab Kills . | . . . . . . . . . . . . . . Hacking | -11 -10 -10 -9 -9 -9 -8 -8 -8 -8 -6 -6 -6 -6 --------- Run | Jun Mat Min Mat Min Exi Min Mat Sto Rec Fac Low Low Dat Machines Accessed 57 | . 8 . 10 . 1 . 13 7 6 7 1 . 4 Terminals 40 | . 7 . 8 . . . 9 5 6 5 . . . Fabricators 2 | . . . . . . . . . . 2 . . . Repair Stations 6 | . 1 . 2 . . . 2 1 . . . . . Recycling Units . | . . . . . . . . . . . . . . Scanalyzers 1 | . . . . . . . 1 . . . . . . Garrison Access 2 | . . . . . . . 1 1 . . . . . Total Hacks 209 | . 37 . 37 . 1 . 44 17 18 23 1 . 31 Successful 127 | . 19 . 23 . 1 . 22 7 10 13 1 . 31 Failed 81 | . 17 . 14 . . . 22 10 8 10 . . . Catastrophic 15 | . 2 . 4 . . . 4 2 1 2 . . . Database Lockouts 1 | . 1 . . . . . . . . . . . . Manual 129 | . 26 . 26 . 1 . 28 14 17 16 1 . . Terminals 144 | . 32 . 29 . . . 35 12 18 18 . . . Fabricators 5 | . . . . . . . . . . 5 . . . Repair Stations 19 | . 5 . 8 . . . 4 2 . . . . . Recycling Units . | . . . . . . . . . . . . . . Scanalyzers 2 | . . . . . . . 2 . . . . . . Garrison Access 6 | . . . . . . . 3 3 . . . . . Terminal Hacks 67 | . 7 . 8 . 1 . 10 2 3 4 1 . 31 Record 11 | . . . . . . . . . . . . . 11 Part Schematic 17 | . 1 . 3 . . . 1 1 . . . . 11 Robot Schematic 6 | . . . . . . . . . . . . . 6 Prototype ID Bank 3 | . . . . . . . . . . . . . 3 Open Door 2 | . . . . . . . . 1 . . 1 . . Branch Access Points 4 | . 1 . 1 . . . 1 . . 1 . . . Terminal Index 4 | . 1 . . . . . 1 . 1 1 . . . Fabricator Index 2 | . . . . . . . . . 1 1 . . . Alert Level 5 | . 1 . 2 . . . 2 . . . . . . Unreport Threat 2 | . . . 2 . . . . . . . . . . Transport Status 2 | . . . . . . . 2 . . . . . . Hauler Manifests 3 | . 1 . . . . . 1 . . 1 . . . Zone Layout 5 | . 2 . . . . . 2 . 1 . . . . EX-Prototype ID Bank 1 | . . . . . 1 . . . . . . . . Fabricator Hacks 4 | . . . . . . . . . . 4 . . . Load Schematic 2 | . . . . . . . . . . 2 . . . Build 2 | . . . . . . . . . . 2 . . . Repair Station Hacks 19 | . 5 . 8 . . . 4 2 . . . . . Scan Component 9 | . 2 . 4 . . . 2 1 . . . . . Repair 9 | . 2 . 4 . . . 2 1 . . . . . Refit 1 | . 1 . . . . . . . . . . . . Recycling Unit Hacks . | . . . . . . . . . . . . . . Scanalyzer . | . . . . . . . . . . . . . . Garrison Access Hacks . | . . . . . . . . . . . . . . Unauthorized Hacks 37 | . 7 . 7 . . . 8 3 7 5 . . . Terminals 36 | . 7 . 7 . . . 8 2 7 5 . . . Assimilate 1 | . . . . . . . . . 1 . . . . Botnet 35 | . 7 . 7 . . . 8 2 6 5 . . . Fabricators . | . . . . . . . . . . . . . . Repair Stations . | . . . . . . . . . . . . . . Recycling Units . | . . . . . . . . . . . . . . Scanalyzers . | . . . . . . . . . . . . . . Garrison Access 1 | . . . . . . . . 1 . . . . . Jam 1 | . . . . . . . . 1 . . . . . Data Cores Recovered 1 | . . . . . . . 1 . . . . . . Used 1 | . . . . . . . 1 . . . . . . Hacking Detections 46 | . 7 . 9 . . . 12 5 6 7 . . . Full Trace Events 10 | . . . 2 . . . 4 1 . 3 . . . Feedback Events . | . . . . . . . . . . . . . . Feedback Blocked . | . . . . . . . . . . . . . . Robot Schematics Acquired 6 | . . . . . . . . . . . . . 6 Robots Built . | . . . . . . . . . . . . . . Authchips . | . . . . . . . . . . . . . . Time . | . . . . . . . . . . . . . . Total Robot Build Rating . | . . . . . . . . . . . . . . Part Schematics Acquired 16 | . 1 . 2 . . . 1 1 . . . . 11 Parts Built 2 | . . . . . . . . . . 2 . . . Authchips . | . . . . . . . . . . . . . . Time 82 | . . . . . . . . . . 82 . . . Total Part Build Rating 3 | . . . . . . . . . . 3 . . . Parts Repaired 9 | . 2 . 4 . . . 2 1 . . . . . Time 279 | . 52 . 122 . . . 45 60 . . . . . Parts Recycled . | . . . . . . . . . . . . . . Recycled Matter . | . . . . . . . . . . . . . . Retrieved Matter . | . . . . . . . . . . . . . . Retrieved Components . | . . . . . . . . . . . . . . Parts Scanalyzed . | . . . . . . . . . . . . . . Part Schematics Acquired . | . . . . . . . . . . . . . . Parts Damaged . | . . . . . . . . . . . . . . Bothacking | -11 -10 -10 -9 -9 -9 -8 -8 -8 -8 -6 -6 -6 -6 ------------ Run | Jun Mat Min Mat Min Exi Min Mat Sto Rec Fac Low Low Dat Used RIF Installer . | . . . . . . . . . . . . . . Robots Hacked . | . . . . . . . . . . . . . . Non-combat . | . . . . . . . . . . . . . . Combat . | . . . . . . . . . . . . . . Robot Hacks Applied . | . . . . . . . . . . . . . . Relay Couplers Released 3 | . . . . . . . 3 . . . . . . Machine Destruction 3 | . . . . . . . 3 . . . . . . Fabnet Peak Effective % . | . . . . . . . . . . . . . . Robots Rewired 4 | . . . . . . . . . . . 4 . . Allies Hacked . | . . . . . . . . . . . . . . Hacks Repelled . | . . . . . . . . . . . . . . Allies | -11 -10 -10 -9 -9 -9 -8 -8 -8 -8 -6 -6 -6 -6 -------- Run | Jun Mat Min Mat Min Exi Min Mat Sto Rec Fac Low Low Dat Total Allies 4 | . . . . . . . . . . . 4 . . Largest Group 4 | . . . . . . . . . . . 4 3 2 Highest-Rated Group 124 | . . . . . . . . . . . 124 93 62 Highest-Rated Ally 31 | . . . . . . . . . . . 31 31 31 Total Orders . | . . . . . . . . . . . . . . Ally Attacks 76 | . . . . . . . . . . . 45 22 9 Total Damage 1192 | . . . . . . . . . . . 689 402 101 Kills 8 | . . . . . . . . . . . 7 1 . Allies Corrupted . | . . . . . . . . . . . . . . Allies Melted . | . . . . . . . . . . . . . . Intel | -11 -10 -10 -9 -9 -9 -8 -8 -8 -8 -6 -6 -6 -6 ------- Run | Jun Mat Min Mat Min Exi Min Mat Sto Rec Fac Low Low Dat Robot Analysis Total . | . . . . . . . . . . . . . . Derelict Logs Recovered 5 | . . . . 1 . . . . . . 2 2 . Drone Launches . | . . . . . . . . . . . . . . Drone Recoveries . | . . . . . . . . . . . . . . Exploration | -11 -10 -10 -9 -9 -9 -8 -8 -8 -8 -6 -6 -6 -6 ------------- Run | Jun Mat Min Mat Min Exi Min Mat Sto Rec Fac Low Low Dat Turns Passed 12913 | 53 856 75 1692 159 303 473 2413 1186 978 1941 1795 788 201 Spaces Moved 7183 | 45 704 47 829 85 216 270 1048 628 645 926 1149 502 89 Core 34 | 2 . . . . . . 32 . . . . . . Treads 206 | . . . 146 . . 3 38 . . 3 . 14 2 Legs 137 | . . . . . . . 137 . . . . . . Wheels 6734 | 43 704 47 683 85 216 267 801 628 645 891 1149 488 87 Hover 57 | . . . . . . . 40 . . 17 . . . Flight 15 | . . . . . . . . . . 15 . . . Fastest Speed 50 | 50 90 105 105 140 140 125 95 100 135 115 115 145 145 Average Speed 142 | 89 98 105 141 140 140 138 176 132 137 154 142 150 152 Slowest Speed 1275 | 100 125 105 240 140 140 240 700 140 140 1275 145 325 325 Overloaded Moves . | . . . . . . . . . . . . . . Propulsion Burnouts . | . . . . . . . . . . . . . . Robots Hopped . | . . . . . . . . . . . . . . Cave-ins Triggered . | . . . . . . . . . . . . . . Exploration Rate (%) 59 | 3 90 17 74 23 61 54 74 72 97 21 97 70 76 Regions Visited 13 Branch Regions 9 Pre-discovered Areas 2 | . . . . 1 . . . . . . . . 1 Known Exits Taken 5 | . 1 . 1 . . 1 1 . . 1 . . . Unknown Exits Taken 8 | 1 . 1 . 1 1 . . 1 1 . 1 1 . Scrap Searched 9 | . . . . . . 1 . . . . 3 5 . Spaces Dug 17 | . . . . 4 . . 1 4 8 . . . . Terrain Destroyed 664 | . 33 . 81 11 . 65 165 73 13 159 7 36 21 Melee 13 | . . . . . . . 1 4 8 . . . . Projectile 47 | . . . 3 . . 2 42 . . . . . . AOE 604 | . 33 . 78 11 . 63 122 69 5 159 7 36 21 Terrain Rammed . | . . . . . . . . . . . . . . Walls Destroyed . | . . . . . . . . . . . . . . Machines Disabled . | . . . . . . . . . . . . . . Actions | -11 -10 -10 -9 -9 -9 -8 -8 -8 -8 -6 -6 -6 -6 --------- Run | Jun Mat Min Mat Min Exi Min Mat Sto Rec Fac Low Low Dat Total 8997 | 54 828 64 1201 109 218 334 1453 832 710 1276 1262 526 130 Wait 812 | . 60 9 209 11 . 25 205 78 31 169 15 . . Move 7170 | 44 703 46 828 84 215 269 1047 627 644 925 1148 501 89 Hop . | . . . . . . . . . . . . . . Pick Up 150 | 4 18 . 29 2 1 5 22 11 6 22 23 5 2 Fast Attach 61 | 6 4 . 12 . . . 16 4 . 15 3 . 1 Attach 77 | . 1 3 12 1 . 5 14 5 1 23 3 . 9 Detach 20 | . . . 2 . . . 5 3 . 5 1 . 4 Swap 115 | . 9 2 10 2 . 6 20 19 4 22 16 5 . Drop 118 | . 11 . 25 1 2 3 25 10 6 9 17 7 2 Fire 442 | . 22 4 74 8 . 21 98 61 6 84 33 8 23 Melee 26 | . . . . . . . 1 14 8 1 2 . . Ram 1 | . . . . . . . . . . 1 . . . Kick . | . . . . . . . . . . . . . . Crush . | . . . . . . . . . . . . . . Escape Stasis . | . . . . . . . . . . . . . . Rewire 5 | . . . . . . . . . 4 . 1 . . Trap . | . . . . . . . . . . . . . . Miscellaneous . | . . . . . . . . . . . . . . Route ------- -11/Junkyard -10/Materials (discovered 5 exits: *Mat x3 / *Min x2) -10/Mines -9/Materials (discovered 4 exits: *Mat x2 / *Min x2) -9/Mines -9/Exiles -8/Mines (discovered 2 exits: *Mat x2) -8/Materials (discovered 4 exits: [*Fac x2] / *Sto x2) -8/Storage (discovered 2 exits: [*Fac] / *Rec) -8/Recycling -6/Factory (discovered 5 exits: [*Fac] / *Low x2 / *Ext x2) -6/Lower Caves -6/Lower Caves (discovered 2 exits: [*Fac] / *Dat) -6/Data Miner (discovered 1 exit: [*Pro]) History --------- Turn | Location | Event 21 | -11/Junkyard | Discovered new exit (range 15) 54 | -11/Junkyard | Entered Materials 109 | -10/Materials | Discovered new exit (range 6) 277 | -10/Materials | Identified exit to Mines 314 | -10/Materials | Build established: Mutant 346 | -10/Materials | Discovered new exit (range 12) 483 | -10/Materials | Discovered new exit (range 3) 553 | -10/Materials | Discovered new exit (range 10) 621 | -10/Materials | Central database locked down 859 | -10/Materials | Repaired Grenade Launcher? 896 | -10/Materials | Repaired Com. Wheel 910 | -10/Materials | Entered Mines 911 | -10/Mines | Assembled infested the area 916 | -10/Mines | Assisted by a Guerilla fighting off Assembled 941 | -10/Mines | Core integrity fell below 50% 953 | -10/Mines | Core integrity fell below 20% 980 | -10/Mines | Discovered new exit (range 4) 985 | -10/Mines | Entered Materials 985 | -9/Materials | Evolved 2 slots: Utility x1, Weapon x1 986 | -9/Materials | Lost 3 parts (3w) 1273 | -9/Materials | Discovered new exit (range 16) 1293 | -9/Materials | Build established: Tank 1476 | -9/Materials | Repaired EM Shotgun 1510 | -9/Materials | Repaired EM Shotgun 1667 | -9/Materials | Repaired EM Shotgun 1695 | -9/Materials | Repaired Weapon Shielding 1881 | -9/Materials | Discovered new exit (range 16) 1996 | -9/Materials | Identified exit to Mines 2136 | -9/Materials | Core integrity fell below 50% 2494 | -9/Materials | Discovered new exit (range 16) 2677 | -9/Materials | Entered Mines 2736 | -9/Mines | Met a Derelict bent on vengeance 2808 | -9/Mines | Learned location of Storage (-8) 2829 | -9/Mines | Deemed a non-threat by the Exiles lab entrance 2829 | -9/Mines | Discovered new exit (range 6) 2836 | -9/Mines | Entered Exiles 2871 | -9/Exiles | Met 8R-AWN 2894 | -9/Exiles | Met EX-HEX 2934 | -9/Exiles | Met EX-BIN 2951 | -9/Exiles | Aligned with FarCom system 2953 | -9/Exiles | Given EX-Vault access code 2985 | -9/Exiles | Opened EX-Vault 2998 | -9/Exiles | Found AWS/Gauss 3030 | -9/Exiles | Warned to stay clear of 0b10 Research branches 3071 | -9/Exiles | Met EX-DEC 3124 | -9/Exiles | Discovered new exit (range 14) 3139 | -9/Exiles | Left Exiles lab with AWS/Gauss 3139 | -9/Exiles | Entered Mines 3161 | -8/Mines | Core integrity fell below 20% 3590 | -8/Mines | Discovered new exit (range 6) 3592 | -8/Mines | Discovered new exit (range 16) 3598 | -8/Mines | Identified exit to Materials 3612 | -8/Mines | Entered Materials 3612 | -8/Materials | Evolved 2 slots: Utility x2 3958 | -8/Materials | Lost 4 parts (2p2n) 4453 | -8/Materials | Identified exit to Storage 4628 | -8/Materials | Discovered new exit (range 13) 4802 | -8/Materials | Repaired Grenade Launcher 5005 | -8/Materials | Repaired Hrd. Light Armor Plating 5158 | -8/Materials | Discovered new exit (range 14) 5193 | -8/Materials | Destroyed 12 combat bots 5537 | -8/Materials | Lost 3 parts (1p1n1u) 5955 | -8/Materials | Build established: Scavenger-Mutant 6025 | -8/Materials | Entered Storage 6145 | -8/Storage | Lost 3 parts (1p1n1w) 6449 | -8/Storage | Build established: Skirmisher 6451 | -8/Storage | Repaired Hvy. EM Shotgun 6595 | -8/Storage | Used back door to open Recycling access 6595 | -8/Storage | Discovered new exit (range 5) 6842 | -8/Storage | Garrison activated, responded to threat 7030 | -8/Storage | Discovered new exit (range 10) 7211 | -8/Storage | Entered Recycling 7721 | -8/Recycling | Discovered new exit (range 9) 7977 | -8/Recycling | Build established: Tank 8189 | -8/Recycling | Entered Factory 8189 | -6/Factory | Evolved 4 slots: Propulsion x2, Utility x2 8393 | -6/Factory | Discovered new exit (range 15) 8704 | -6/Factory | Discovered new exit (range 13) 9021 | -6/Factory | Destroyed 7 combat bots 9055 | -6/Factory | Lost 6 parts (3u3w) 9093 | -6/Factory | Discovered new exit (range 20) 9101 | -6/Factory | Fabricated Huge Storage Unit? 9251 | -6/Factory | Build established: Skirmisher 9541 | -6/Factory | Lost 4 parts (1p2u1w) 9681 | -6/Factory | Fabricated Hvy. EM Pulse Gun (x1) 9792 | -6/Factory | Lost 5 parts (3n1u1w) 9819 | -6/Factory | Identified exit to Lower Caves 9819 | -6/Factory | Identified exit to Extension 9982 | -6/Factory | First assault squad dispatched 10130 | -6/Factory | Entered Lower Caves 10359 | -6/Lower Caves | Build established: Scavenger-Mutant 10445 | -6/Lower Caves | Learned 8 Factory zone layouts 10470 | -6/Lower Caves | Learned 12 Factory zone layouts 11010 | -6/Lower Caves | Attacked by a delusional Derelict stockpiling Unaware 11145 | -6/Lower Caves | Acquired the password to a Derelict Tinkerer's latest research 11157 | -6/Lower Caves | Found Prototype Special Weapon 11157 | -6/Lower Caves | Identified Molecular Deconstructor 11218 | -6/Lower Caves | Ambushed by wild Derelicts 11368 | -6/Lower Caves | Caught by Unaware searching for contraband prototypes 11394 | -6/Lower Caves | Attracted the attention of an 0b10 outpost 11893 | -6/Lower Caves | Discovered new exit (range 11) 11924 | -6/Lower Caves | Build established: Scavenger-Gunner 11925 | -6/Lower Caves | Entered another Lower Caves area 11925 | -6/Lower Caves | Accompanied by 3 allies 12064 | -6/Lower Caves | Discovered new exit (range 13) 12152 | -6/Lower Caves | Learned Factory stockpile data 12379 | -6/Lower Caves | Encountered a Warlord checkpoint 12552 | -6/Lower Caves | Discovered new exit (range 9) 12569 | -6/Lower Caves | Learned Factory trap positions 12676 | -6/Lower Caves | Build established: Scavenger-Mutant 12713 | -6/Lower Caves | Entered Data Miner 12713 | -6/Data Miner | Accompanied by 2 allies 12713 | -6/Data Miner | Discovered new exit (range 6) 12741 | -6/Data Miner | Met Data Miner 12783 | -6/Data Miner | Learned location of Section 7 (-2) 12783 | -6/Data Miner | Acquired the access code to Warlord's prototype stash 12796 | -6/Data Miner | Data Conduit disabled 12841 | -6/Data Miner | Core integrity fell below 50% 12899 | -6/Data Miner | Core integrity fell below 20% 12914 | -6/Data Miner | Destroyed by Enhanced Grunt with Neutron Cannon Last Messages --------------- 12872_ Entropy package works its way towards Enhanced Grunt core. 12873_ Imp. Heavy Armor Plating destroyed. 12875_ Entropy package works its way towards Enhanced Grunt core. 12877_ Enhanced Grunt core destabilizing. 12878_ Enhanced Grunt core entropy levels peaking. 12879_ Enhanced Grunt core destabilizing. 12879_ Imp. Light Armor Plating destroyed. 12880_ Enhanced Grunt destroyed. 12881_ Enhanced Grunt core entropy levels peaking. 12884_ Entropy package works its way towards Enhanced Grunt core. 12885_ System corrupted: Energy discharge (-63). 12885_ Arm. Treads destroyed. 12887_ Imp. Medium Treads destroyed. 12888_ Slug penetrates Enhanced Grunt. 12890_ Enhanced Grunt core entropy levels peaking. 12893_ Coil Gun destroyed. 12897_ The unstable cave ceiling collapses. 12899_ Enhanced Grunt knocked back. 12911_ Angular Momentum Engine destroyed. 12911_ Enhanced Grunt destroyed. Map ----- +----------------------------------------------------+ | | | | | | | | | | | | | | | | | | | | | | | | | | | | | | | | | | | ??????????????????????????????????????????????? | | ??????????????????????????????????????????????? | | ??????????????????????????????????????????????? | | ???????????????????????????##?????????????????? | | ????????????????????????### #?????####????????? | | ???###############???####;;;#???### #????????? | | ???"""""""""" """#####; ; ; # ### #????????? | | ??"""""""" " " """"; ; ; ; ;# < ##????????? | | ?""""""""" @ ######???? | | ?"""""" #???? | | ?"""""" g #???? | | ?""""" #???? | | ?"""""" ##???? | | ?"""""" %% """""""""""""""#####????? | | ?""""""" """###############????????? | | ??"""""" ##??????????????????????? | | ???""""""" # ????????????????????????? | | ???######"## # ?????????????????????????? | | ????????#"##"! ! ???????????????????????????? | | ????????#"#"#% "#????????????????????????????? | | ????????#"## %"#????????????????????????????? | | ????????#"## #????????????????????????????? | | ??????????# "#????????????????????????????? | | ??????????### "#????????????????????????????? | | ????????????# ##???????????????????????????? | | ???????????## ""#???????????????????????????? | | ??????????## ""#???????????????????????????? | | ???????##"#"X ""#???????????????????????????? | | ???????""""" "####????????????????????????? | | ???????""""" X"""""????????????????????????? | | ???????##"#"X "##"#????????????????????????? | | ????????#?## X""""#????????????????????????? | | ???????????## "##"#????????????????????????? | +----------------------------------------------------+ Best States ------------- Heat Dissipation 64 Energy Generation 25 Energy Capacity 640 Matter Stores 300 Matter Capacity 300 Sight Range 16 Terrain Scan Range 20 Terrain Scan Density 110 Armor Coverage 750 Resistance: TH 20 Weapon Shielding 33 Evasion (%) 42 Targeting Accuracy 5 Target Analysis 6 Recoil Reduction 2 Offensive Hacking 10 Item Schematics ----------------- Huge Storage Unit | -10/Materials | Hacked Hvy. EM Pulse Gun | -9/Materials | Hacked EM Shotgun | -9/Materials | Hacked Hvy. Armor Plating | -8/Materials | Hacked Imp. EM Shotgun | -8/Storage | Hacked Combat Drone Bay | -6/Data Miner | Free Lgt. Regenerative Plating | -6/Data Miner | Free Enh. Flexi-carbon Leg | -6/Data Miner | Free Exp. Heat Sink | -6/Data Miner | Free Tri-rail Accelerator | -6/Data Miner | Free Impulse Thruster | -6/Data Miner | Free Point Defense Array | -6/Data Miner | Free Hyp. Mass Driver | -6/Data Miner | Free Wave Gun | -6/Data Miner | Free Imp. System Guard | -6/Data Miner | Free Micro-nuke Launcher | -6/Data Miner | Free Robot Schematics ------------------ A-15 Conveyor | -6/Data Miner | Free Y-54 Guardian | -6/Data Miner | Free Y-64 Sentinel | -6/Data Miner | Free L-41 Fighter | -6/Data Miner | Free L-61 Swordsman | -6/Data Miner | Free B-60 Warrior | -6/Data Miner | Free Fabricated ------------ Huge Storage Unit | x1 | -6/Factory Hvy. EM Pulse Gun | x1 | -6/Factory Alien Tech Used ----------------- None Achievements -------------- None Challenges ------------ None Game ------ Seed NodeMicrowarpLeg Manual? 0 Play Time 02:54:56 Cumulative 108.3 hours Start 2023.03.15 @ 00:14:09 End 2023.03.15 @ 03:29:37 Sessions 1 Manual Loads 0 Difficulty Rogue Special Mode None Game No. 65 Rogue 65 Adventurer 0 Explorer 0 Win Type - Total 0 Types 0/0/0/0/0/0/0/0/0 Lore% 41 Gallery% 53 Achievement% 42 Wizard Run 0 Options --------- ASCII 0 Keyboard 1 Movement Vi Keybinds 0 Fullscreen 1 Font 12/Smallcaps Map View 83x54 Tactical HUD 1 Map Filters NONE Filters NONE Steam 1 RUN: 3a88fe57-439e-4584-8aeb-15898b9b7123